 Dungeon Crawl Stone Soup version 0.23.2-30-g0e89c35649 (webtiles) character file.

Game seed: 9133973121502800673

945 Kobolds4U the Carver (level 7, -4/58 HPs)
             Began as a Minotaur Fighter on June 7, 2019.
             Slain by Pikel
             ... wielding a +2 whip of freezing
              (6 damage)
             ... on level 5 of the Dungeon.
             The game lasted 00:09:27 (4370 turns).

Kobolds4U the Carver (Minotaur Fighter)             Turns: 4370, Time: 00:09:27

Health: -4/58      AC: 10    Str: 21    XL:     7   Next: 89%
Magic:  6/6        EV:  5    Int:  5    God:
Gold:   309        SH:  8    Dex: 11    Spells: 6/6 levels left

rFire    . . .     SeeInvis .   a - +0 long sword
rCold    + . .     Gourm    .   c - +0 shield
rNeg     . . .     Faith    .   r - +2 chain mail {MR+}
rPois    +         Spirit   .   (helmet restricted)
rElec    .         Reflect  .   (no cloak)
rCorr    .         Harm     .   (no gloves)
MR       +....                  (no boots)
Stlth    ..........             p - amulet of rage
HPRegen  0.19/turn              o - ring of poison resistance
MPRegen  0.10/turn              b - ring of protection from cold

@: heavily drained
A: retaliatory headbutt, horns 2
a: Evoke Berserk Rage


You were on level 5 of the Dungeon.
You were not hungry.

You visited 1 branch of the dungeon, and saw 6 of its levels.
You also visited: Sewer.

You collected 309 gold pieces.

Inventory:

Hand Weapons
 a - a +0 long sword (weapon)
Missiles
 E - 2 tomahawks (quivered)
Armour
 c - a +0 shield (worn)
 n - a +0 leather armour of cold resistance
 r - a +2 chain mail of magic resistance (worn)
Jewellery
 b - a ring of protection from cold (right hand)
 o - a ring of poison resistance (left hand)
 p - an amulet of rage (around neck)
Wands
 t - a wand of flame (10)
 w - a wand of digging (3)
Scrolls
 e - 2 scrolls of enchant weapon {unknown}
 h - a scroll of amnesia {unknown}
 i - 3 scrolls of random uselessness {unknown}
 j - a scroll of immolation {unknown}
 k - 6 scrolls of teleportation {unknown}
 q - 6 scrolls of remove curse {unknown}
 v - 2 scrolls of blinking {unknown}
 x - 3 scrolls of identify {unknown}
 y - a scroll of magic mapping {unknown}
 z - a scroll of fear {unknown}
 A - a scroll of noise {unknown}
 C - a scroll of fog {unknown}
 F - a scroll of brand weapon {unknown}
Potions
 d - a potion of might
 l - 3 potions of flight {unknown}
 m - 4 potions of curing {unknown}
 s - 3 potions of heal wounds {unknown}
 u - a potion of mutation {unknown}
 B - a potion of ambrosia {unknown}
 D - 2 potions of haste {unknown}
Comestibles
 f - 15 rations
 g - 5 chunks of flesh


   Skills:
 + Level 3.8(2.4) Fighting
 + Level 10.9(9.2) Long Blades
 - Level 3.6(2.2) Armour
 - Level 3.6(2.2) Shields


You had 6 spell levels left.
You didn't know any spells.
Your spell library was empty.

Dungeon Overview and Level Annotations

Branches:
Dungeon (6/15)
 Temple: D:4-7

Altars:
Xom

Annotations:
D:5 Pikel


Innate Abilities, Weirdness & Mutations

You reflexively headbutt those who attack you in melee.
You have a pair of horns on your head.


Message History

Pikel hits you with a +2 whip of freezing!
Pikel freezes you. You block the gnoll's attack.
There is a stone staircase leading up here.
Pikel hits you with a +2 whip of freezing!
* * * LOW HITPOINT WARNING * * *
Pikel freezes you.
* * * LOW HITPOINT WARNING * * *
Pikel hits you with a +2 whip of freezing.
* * * LOW HITPOINT WARNING * * *
You climb upwards.
There is a stone staircase leading down here.
Pikel rages.
Pikel completely misses you. You furiously retaliate!
You headbutt Pikel. Pikel hits you but does no damage.
Pikel hits you with a +2 whip of freezing!
* * * LOW HITPOINT WARNING * * *
Pikel freezes you.
* * * LOW HITPOINT WARNING * * *
Pikel hits you with a +2 whip of freezing.
You die...

#.###.# #.# ##..# #.....# #.#
#..# #.##### #.# #..# #.#
##.####..# #.# ##...##...##
#.# ##..........## #.########
#......[#.#..#
####.#......####.........#..#
#....#.###.....K@......###..#
#.##.#.###..######..[#.###.##
#.##.....>..# #.[.##....#
#.##.....#.<# ##)######.#
............#######.# #.#
..##........#.......# #.#
).##...[..#.#.####### #.#
).####......#.# #.# ..#
####.###.# #.###


You could see Pikel (berserk).

Vanquished Creatures
  An ogre (D:4)
  2 big kobolds (Sewer)
  A bullfrog (D:5)
  4 crimson imps (D:5)
  A hound (D:6)
  An orc priest (D:4)
  5 orc wizards
  2 centaur skeletons
  A worker ant (D:4)
  2 river rats (Sewer)
  6 adders
  2 oozes
  An adder skeleton (D:5)
  9 worms
  A dart slug (D:1)
  8 leopard geckos
  25 orcs
  3 ball pythons
  3 giant cockroaches
  8 hobgoblins
  10 kobolds
  2 quokkas
  8 bats
  5 frilled lizards
  8 goblins
  6 rats
125 creatures vanquished.

Notes
Turn   | Place    | Note
-------+----------+-------------------------------------------
     0 | D:1      | Kobolds4U the Minotaur Fighter began the quest for the Orb.
     0 | D:1      | Reached XP level 1. HP: 19/19 MP: 0/0
    64 | D:1      | Reached skill level 3 in Long Blades
    74 | D:1      | Reached XP level 2. HP: 21/26 MP: 1/1
   288 | D:1      | Reached skill level 4 in Long Blades
   515 | D:1      | Reached XP level 3. HP: 28/31 MP: 2/2
   893 | D:2      | Reached skill level 5 in Long Blades
  1177 | D:2      | Reached XP level 4. HP: 23/39 MP: 3/3
  1415 | D:3      | Reached skill level 6 in Long Blades
  1589 | D:3      | Found a transporter.
  1608 | D:3      | Found a transporter.
  1700 | D:3      | Noticed a kobold demonologist
  1735 | D:3      | Noticed a chaos spawn
  1763 | D:3      | Reached XP level 5. HP: 18/45 MP: 4/4
  2449 | D:4      | Found a glowing drain.
  2467 | Sewer    | Entered a sewer
  2484 | Sewer    | Reached skill level 7 in Long Blades
  3055 | Sewer    | Reached XP level 6. HP: 49/51 MP: 5/5
  3063 | Sewer    | Reached skill level 8 in Long Blades
  3417 | D:4      | Found a shimmering altar of Xom.
  3512 | D:4      | Reached skill level 9 in Long Blades
  3563 | D:4      | Reached XP level 7. HP: 57/57 MP: 6/6
  3640 | D:5      | Entered Level 5 of the Dungeon
  3783 | D:5      | Reached skill level 10 in Long Blades
  4349 | D:6      | Noticed Pikel
  4368 | D:5      | HP: 2/58 [Pikel/+2 whip of freezing (8)]
  4370 | D:5      | Slain by Pikel

Skill      XL: |  1  2  3  4  5  6  7 |
---------------+----------------------+-----
Long Blades    | 3 4 5 6 7 9 10 | 10.9
Fighting       | |  3.8
Armour         | |  3.6
Shields        | |  3.6

Action                   |  1- 3 |  4- 6 |  7- 9 || total
-------------------------+-------+-------+-------++-------
Melee: Long sword        |   107 |   208 |   119 ||   434
       Headbutt          |    11 |    41 |    18 ||    70
  Eat: Chunk             |     1 |     8 |     3 ||    12
Armor: Scale mail        |    56 |    18 |       ||    74
       Chain mail        |       |    88 |    63 ||   151
Dodge: Dodged            |    31 |    58 |    17 ||   106
Block: Shield            |    55 |   105 |    44 ||   204
       Rpst.: Long sword |    10 |    12 |     4 ||    26
